 Dungeon Crawl Stone Soup version 0.32-a0-893-gf85d74f360 (webtiles) character file.

Game seed: 5681284535116838427

2291 porpoise the Skirmisher (level 9, -5/72 HPs)
             Began as a Human Hexslinger on Apr 4, 2024.
             Was an Initiate of Hepliaklqana.
             Splashed by a brown ugly thing's acid (9 damage)
             ... on level 7 of the Dungeon.
             The game lasted 00:20:50 (7438 turns).

porpoise the Skirmisher (Human Hexslinger)          Turns: 7438, Time: 00:20:50

Health: -5/72      AC:  6    Str:  9    XL:     9   Next: 40%
Magic:  10/10      EV: 10    Int: 13    God:    Hepliaklqana [......]
Gold:   90         SH:  0    Dex: 26    Spells: 10/10 levels left

rFire   + . .        a - +0 shortbow
rCold   . . .        (shield currently unavailable)
rNeg    . . .        o - +0 ring mail {rF+}
rPois   +            B - +0 helmet
rElec   .            r - +1 cloak {Stlth+}
rCorr   .            l - +1 Delatra's gloves {ID++}
SInv    .            (no boots)
Will    .....        (no amulet)
Stlth   ++           G - ring of poison resistance
HPRegen 0.32/turn    k - +6 ring of dexterity
MPRegen 0.12/turn

%: no passive effects
@: corroded
A: explore regen
a: Renounce Religion


You were on level 7 of the Dungeon.
You worshipped Hepliaklqana.
Hepliaklqana was noncommittal.
You visited 2 branches of the dungeon, and saw 8 of its levels.
You also visited: Ossuary.

You collected 399 gold pieces.
You spent 309 gold pieces at shops.

Inventory:

Hand Weapons
 a - a +0 shortbow (weapon)
 b - a +0 short sword of venom
 w - a +2 trident of freezing
 E - a +1 war axe of venom
 N - a +1 sling
Missiles
 h - 2 boomerangs
 p - a throwing net
Armour
 j - an orb of light
 l - the +1 Delatra's gloves (worn) {ID++}
   (You found it on level 2 of the Dungeon)

   ID++:      It heals its wearer when they drink unknown potions, and restores
   their MP when they read unknown scrolls.
 o - a +0 ring mail of fire resistance (worn)
 r - a +1 cloak of stealth (worn)
 B - a +0 helmet (worn)
Magical Staves
 y - a staff of fire
Jewellery
 k - a +6 ring of dexterity (right hand)
 v - a +6 ring of dexterity
 x - a +6 ring of strength
 F - an amulet of magic regeneration
 G - a ring of poison resistance (left hand)
Wands
 K - a wand of warping (3)
 L - a wand of digging (4)
 M - a wand of charming (3)
Scrolls
 c - a scroll of revelation
 d - 2 scrolls of poison
 e - 4 scrolls of teleportation
 q - a scroll of enchant armour {unknown}
 t - a scroll of vulnerability {unknown}
 u - 2 scrolls of amnesia
 z - 2 scrolls of blinking {unknown}
 C - 3 scrolls of identify
 D - a scroll of brand weapon {unknown}
 H - a scroll of fog {unknown}
 Q - 2 scrolls of enchant weapon {unknown}
Potions
 f - 2 potions of brilliance
 g - 2 potions of curing
 i - 4 potions of mutation
 m - 2 potions of attraction
 n - 2 potions of ambrosia
 s - a potion of cancellation
 A - 2 potions of haste {unknown}
 I - a potion of invisibility {unknown}
 J - 2 potions of might {unknown}
 O - a potion of lignification {unknown}
 P - a potion of enlightenment {unknown}
 R - a potion of degeneration {unknown}
 S - a potion of heal wounds {unknown}


   Skills:
 - Level 7.0 Fighting
 * Level 10.2 Ranged Weapons
 + Level 2.3 Dodging
 - Level 1.0 Spellcasting
 - Level 3.0 Hexes
 - Level 1.0 Fire Magic
 + Level 1.0 Invocations


You had 10 spell levels left.
You didn't know any spells.
Your spell library contained the following spells:

 Spells                   Type           Power      Damage    Failure   Level
 Jinxbite                 Hex            16%        N/A       34%         2
 Sigil of Binding         Hex            8%         N/A       56%         3
 Inner Flame              Hex/Fire       5%         N/A       71%         3
 Lesser Beckoning         Tloc           0%         N/A       75%         2
 Sublimation of Blood     Necr           0%         N/A       75%         2
 Cause Fear               Hex            4%         N/A       92%         4
 Fugue of the Fallen      Necr           0%         N/A       93%         3
 Maxwell's Portable Pile  Tloc           0%         2d(5-13)  93%         3
 Ozocubu's Armour         Ice            0%         N/A       93%         3
 Teleport Other           Tloc           0%         N/A       93%         3
 Dimensional Bullseye     Hex/Tloc       2%         N/A       99%         4
 Olgreb's Toxic Radiance  Alch           0%         N/A       100%        4
 Petrify                  Alch/Erth      0%         N/A       100%        4
 Irradiate                Conj/Alch      0%         3d11      100%        5
 Manifold Assault         Tloc           0%         N/A       100%        7
 Ozocubu's Refrigeration  Ice            0%         4d7       100%        7
 Discord                  Hex            4%         N/A       100%        8


Dungeon Overview and Level Annotations

Branches:
Dungeon (7/15)             Temple (1/1) D:6         Ossuary (visited)

Altars:
Ashenzari
Cheibriados
Dithmenos
Elyvilon
Fedhas
Gozag
Hepliaklqana
Kikubaaqudgha
Makhleb
Nemelex Xobeh
Okawaru
Qazlal
Ru
Sif Muna
Trog
Vehumet
Wu Jian
Xom
Yredelemnul
Zin
The Shining One

Shops:
D:6 *


Innate Abilities, Weirdness & Mutations

You regain HP and MP as you explore.


Message History

You shoot an arrow. The arrow hits the jelly.
The jelly is heavily wounded.
The jelly hits you.
You are splashed with acid!
You shoot an arrow.
The arrow hits the jelly but does no damage.
The jelly is heavily wounded.
The jelly hits you but does no damage.
You shoot an arrow. The arrow hits the jelly!
You kill the jelly!
Your Invocations skill increases to level 1!
No target in view!
You are no longer corroded.
HP restored.
e - 4 scrolls of teleportation (gained 1)
Q - 2 scrolls labelled NYB BIOFFOEVA (gained 1)
A brown ugly thing comes into view.
You shoot an arrow.
The arrow hits the brown ugly thing but does no damage.
The brown ugly thing gurgles horribly!
You shoot an arrow. The arrow hits the brown ugly thing!
The brown ugly thing is lightly wounded.
You shoot an arrow.
The arrow barely misses the brown ugly thing.
The brown ugly thing claws you! The acid corrodes you!
You are splashed with acid!
A sleepcap comes into view.
You shoot an arrow.
The arrow barely misses the brown ugly thing.
The brown ugly thing claws you.
You are splashed with acid!
The sleepcap releases spores at you.
You are too injured to fight recklessly!
The brown ugly thing claws you!
* * * LOW HITPOINT WARNING * * *
You are splashed with acid!
* * * LOW HITPOINT WARNING * * *
The brown ugly thing claws you!
* * * LOW HITPOINT WARNING * * *
You are splashed with acid!
You die...
Hepliaklqana delivers you to your ancestors.

#.***,**,,,,,**,,,,,*,
#.##..*..*,*,,**,*,**,
#..#.##.,,,,,,**,,,*,,
*#...#..*,*,*,,**,**,*
*#..#.,,,,,,,,**,*,,*
*#..########*****,**
#..........,,,,,,*
#.#u##.....,,,****
#.@.#*,,...,,,*****
#.###*,,,,.,,,,,,,*
#.# *,,,,,,,,***,,
#.## ********** ***
#..# ##.# ####.#######
#..........#
#..........# ###


You could see a brown ugly thing.

Vanquished Creatures
  3 black bears
  An ice beast (D:6)
  A centaur (D:6)
  A phantom (D:6)
  A weeping skull (Ossuary)
  3 elf zombies (Ossuary)
  A bullfrog (D:7)
  5 scorpions
  2 burial acolytes (Ossuary)
  2 bombardier beetles
  A centaur zombie (Ossuary)
  A jelly (D:7)
  A human zombie (Ossuary)
  2 hounds
  Crazy Yiuf (D:2)
  A gnoll bouda (D:5)
  5 orc priests (D:6)
  Jessica (D:2)
  3 iguanas
  2 orc wizards
  4 hound zombies (Ossuary)
  2 mummies (Ossuary)
  Robin (D:2)
  9 gnolls
  8 adders
  2 shadow imps
  2 white imps
  6 ufetubi
  6 dart slugs
  A ribbon worm (D:2)
  21 orcs
  7 ball pythons
  10 endoplasms
  5 giant cockroaches
  2 gnoll zombies (Ossuary)
  12 goblins
  8 hobgoblins
  10 jackals
  2 quokkas
  7 bats
  A frilled lizard (D:1)
  8 kobolds
  7 orc zombies (Ossuary)
  3 rats
182 creatures vanquished.

Notes
Turn   | Place    | Note
-------+----------+-------------------------------------------
     0 | D:1      | porpoise the Human Hexslinger began the quest for the Orb.
     0 | D:1      | Reached XP level 1. HP: 15/15 MP: 2/2
   430 | D:1      | Reached XP level 2. HP: 21/21 MP: 3/3
   675 | D:1      | Reached skill level 3 in Ranged Weapons
   753 | D:1      | Reached XP level 3. HP: 27/27 MP: 4/4
  1173 | D:2      | Reached XP level 4. HP: 10/33 MP: 5/5
  1477 | D:2      | Found a runed translucent door.
  1478 | D:2      | Noticed Crazy Yiuf
  1608 | D:2      | Noticed Robin
  1627 | D:2      | Killed Robin
  1628 | D:2      | Reached skill level 4 in Ranged Weapons
  1820 | D:2      | Reached XP level 5. HP: 39/40 MP: 6/6
  1855 | D:2      | Found the +1 Delatra's gloves {ID++}
  2224 | D:2      | Noticed Jessica
  2229 | D:2      | Killed Jessica
  2313 | D:2      | Killed Crazy Yiuf
  2314 | D:2      | Reached skill level 5 in Ranged Weapons
  2314 | D:2      | Reached XP level 6. HP: 13/46 MP: 7/7
  3236 | D:4      | Noticed a black bear
  3247 | D:4      | Killed a black bear
  3248 | D:4      | Reached skill level 6 in Ranged Weapons
  3248 | D:4      | Reached XP level 7. HP: 41/54 MP: 8/8
  3939 | D:5      | Entered Level 5 of the Dungeon
  3985 | D:5      | Reached skill level 7 in Ranged Weapons
  4332 | D:5      | Found a shimmering altar of Xom.
  4333 | D:5      | Found a radiant altar of Vehumet.
  4511 | D:5      | Reached skill level 5 in Fighting
  4511 | D:5      | Reached XP level 8. HP: 53/62 MP: 9/9
  4933 | D:6      | Reached skill level 8 in Ranged Weapons
  5001 | D:6      | Found Ruifod's Assorted Antiques.
  5007 | D:6      | Bought a scroll labelled GAGHENOEZ for 21 gold pieces
  5007 | D:6      | Bought a fizzy white potion for 18 gold pieces
  5007 | D:6      | Bought a smoky purple potion for 18 gold pieces
  5007 | D:6      | Bought an ivory wand for 84 gold pieces
  5007 | D:6      | Bought an iron wand for 84 gold pieces
  5007 | D:6      | Bought a bronze wand for 84 gold pieces
  5425 | D:6      | Found a staircase to the Ecumenical Temple.
  5438 | Temple   | Entered the Ecumenical Temple
  5449 | Temple   | Became a worshipper of Hepliaklqana the Forgotten
  5754 | D:6      | Reached skill level 9 in Ranged Weapons
  6006 | D:6      | Reached XP level 9. HP: 71/71 MP: 10/10
  6317 | D:7      | Found a sand-covered staircase.
  6325 | Ossuary  | Entered an ossuary
  6522 | Ossuary  | Found an ancient bone altar of Kikubaaqudgha.
  7107 | Ossuary  | Reached skill level 10 in Ranged Weapons
  7347 | D:7      | Reached skill level 1 in Invocations
  7432 | D:7      | Noticed a brown ugly thing
  7438 | D:7      | Splashed by a brown ugly thing's acid

Illustrated notes

Levels and vault maps discovered:
D:1:      sevenhm_arrival_forest_fort_large_2, layout_basic,
          serial_bayou_ford_a, bh_walls_and_bars
D:2:      layout_basic, pf_guarded_unrand_delatra, uniq_crazy_yiuf_cottage,
          uniq_robin, uniq_jessica
D:3:      layout_loops_cross, minmay_quadrilaterals
D:4:      layout_loops_ring
D:5:      layout_cave_pools, mainiacjoe_overflow_divided_tiny,
          serial_park_tiny_pond, serial_bayou_pond_d
D:6:      layout_layer_cave, minmay_temple_entry_offerings, serial_shops,
          nicolae_diamond_shop
D:7:      minmay_the_grid_triangle_9x9_rhombus_thin
          [minmay_the_grid_triangle_9x9_longest,
          minmay_the_grid_triangle_9x9_prize_center,
          minmay_the_grid_triangle_9x9_negative_grid,
          minmay_the_grid_triangle_9x9_steps], layout_rooms,
          chequers_ossuary_entry_cave, uniq_maggie
Temple:   hellmonk_temple_of_storms

Skill      XL: |  1  2  3  4  5  6  7  8  9 |
---------------+----------------------------+-----
Ranged Weapons | 3 4 5 6 7 9 10 | 10.2
Fighting       | 2 3 4 5 6 7 |  7.0
Invocations    | 1 |  1.0
Dodging        | |  2.3
Spellcasting   | |  1.0
Hexes          | |  3.0
Fire Magic     | |  1.0

Action                     |  1- 3 |  4- 6 |  7- 9 || total
---------------------------+-------+-------+-------++-------
  Melee: War axe           |    14 |    81 |    18 ||   113
         Short sword       |       |       |    60 ||    60
   Fire: Sling             |    84 |    97 |   129 ||   310
         Shortbow          |       |       |   265 ||   265
  Evoke: Wand              |       |       |     1 ||     1
    Use: Potion            |       |     1 |       ||     1
         Scroll            |       |     3 |     6 ||     9
   Stab: Sleeping          |       |       |     1 ||     1
 Armour: Ring mail         |    44 |    97 |   228 ||   369
  Dodge: Dodged            |    36 |    45 |   152 ||   233

Table legend: (Time is in decaauts)
 A = Elapsed time spent in this place.
 B = Non-inter-level travel time spent in this place.
 C = Inter-level travel time spent in this place.
 D = Time resting spent in this place.
 E = Time spent auto-exploring this place.
 F = Levels seen in this place.
 G = Mean time per level.
                   A        B        C        D        E       F      G
               +--------+--------+--------+--------+--------+-----+--------+
         Total |   7574 |   7371 |    203 |   2056 |   3700 |   9 |  841.6 |
       Dungeon |   6578 |   6396 |    182 |   1675 |   3509 |   7 |  939.7 |
        Temple |     22 |      1 |     21 |      0 |      0 |   1 |   22.0 |
       Ossuary |    973 |    973 |      0 |    381 |    191 |   1 |  973.0 |
               +--------+--------+--------+--------+--------+-----+--------+

Top non-repeatable levels by time:
     D:6: 1530 daAuts
     D:2: 1427 daAuts
     D:1: 1161 daAuts
 Ossuary: 973 daAuts
     D:4: 811 daAuts
     D:5: 788 daAuts
     D:3: 664 daAuts
     D:7: 193 daAuts
  Temple: 22 daAuts
